 Dungeon Crawl Stone Soup version 0.29-a0-330-g52719c12eb (webtiles) character file.

Game seed: 16137664646236581579

119 sammy202020 the Skirmisher (level 4, 0/39 HPs)
             Began as a Palentonga Fighter on Apr 12, 2022.
             Slain by Robin
             ... wielding a +2 club
              (4 damage)
             ... on level 3 of the Dungeon.
             The game lasted 00:02:22 (1486 turns).

sammy202020 the Skirmisher (Palentonga Fighter)     Turns: 1486, Time: 00:02:23

Health: 0/39       AC:  9    Str: 19    XL:     4   Next: 74%
Magic:  4/4        EV:  7    Int: 11    God:
Gold:   76         SH:  4    Dex:  9    Spells: 3/3 levels left

rFire   . . .      SeeInvis +   a - +0 war axe
rCold   . . .      Faith    .   c - +0 buckler
rNeg    . . .      Spirit   .   b - +0 scale mail
rPois   .          Reflect  .   (no helmet)
rElec   .          Harm     .   m - +0 cloak
rCorr   .          Rampage  .   e - +0 pair of gloves
Will    .....                   (no barding)
Stlth   ..........              (no amulet)
HPRegen 0.13/turn               (no ring)
MPRegen 0.09/turn               (no ring)

@: no status effects
A: large, rugged brown scales 3, see invisible, deformed body, roll 1, armoured
tail
a: Rolling Charge


You were on level 3 of the Dungeon.
You visited 1 branch of the dungeon, and saw 3 of its levels.

You collected 76 gold pieces.

Inventory:

Hand Weapons
 a - a +0 war axe (weapon)
 k - a +0 flail
Armour
 b - a +0 scale mail (worn)
 c - a +0 buckler (worn)
 e - a +0 pair of gloves (worn)
 m - a +0 cloak (worn)
Scrolls
 f - a scroll of blinking {unknown}
 g - 3 scrolls of identify {unknown}
 i - a scroll of magic mapping {unknown}
 l - a scroll of summoning {unknown}
Potions
 d - 2 potions of might
 h - a potion of degeneration {unknown}
 j - a potion of flight {unknown}


   Skills:
 * Level 4.0 Fighting
 * Level 3.2 Axes
 + Level 2.9 Armour
 + Level 2.9 Shields


You had 3 spell levels left.
You didn't know any spells.
Your spell library contained the following spells:

 Spells                   Type           Power      Damage    Failure   Level
 Sandblast                Erth           0%         2d4       78%         1
 Corpse Rot               Necr/Air       0%         N/A       89%         2
 Passwall                 Tmut/Erth      0%         N/A       89%         2
 Poisonous Vapours        Pois/Air       0%         N/A       89%         2
 Stone Arrow              Conj/Erth      0%         3d7       98%         3


Dungeon Overview and Level Annotations

Branches:
Dungeon (3/15)

Altars:

Shops:
D:1 (   D:3 [

Annotations:
D:3 Robin


Innate Abilities, Weirdness & Mutations

You are completely covered in rugged brown scales. (AC +3, +7% HP)
You have supernaturally acute eyesight. (SInv)
Armour fits poorly on your strangely shaped body.
You can roll at nearby foes to attack.
You have a long armoured tail.


Message History

You completely miss the goblin. You block the hobgoblin's attack.
The goblin hits you with a +0 club. Robin throws the goblin at you!
The goblin hits you but does no damage. The goblin closely misses you.
You hit the goblin.
You kill the goblin!
You barely miss the goblin. You hit the goblin.
You kill the goblin!
You closely miss the goblin. You hit the hobgoblin.
You kill the hobgoblin!
You hit the goblin. The goblin hits you with a +0 dagger.
You block the goblin's attack. The goblin hits you but does no damage.
The goblin hits you with a +0 dagger. The goblin hits you but does no damage.
Robin throws the goblin at you! The goblin hits you but does no damage.
Your Fighting skill increases to level 4!
The goblin attacks as you move away! The goblin hits you with a +0 dagger.
The goblin attacks as you move away! The goblin hits you but does no damage.
The goblin hits you with a +0 club.
* * * LOW HITPOINT WARNING * * *
The goblin barely misses you. You block Robin's attack.
The goblin hits you with a +0 dagger.
* * * LOW HITPOINT WARNING * * *
You see here a +0 club.
You slash Robin!
Robin is severely wounded.
You barely miss the goblin. You hit the worm. You barely miss the goblin.
You closely miss the goblin. You barely miss the goblin.
The goblin hits you but does no damage. You block the goblin's attack.
The goblin barely misses you. The goblin hits you but does no damage.
Robin throws the goblin at you!
* * * LOW HITPOINT WARNING * * *
The worm barely misses you.
You hit Robin.
Robin is severely wounded.
You hit the goblin.
You kill the goblin!
You closely miss the goblin. You slash the worm! You closely miss the goblin.
You hit the goblin.
You kill the goblin!
Robin hits you with a +2 club.
You die...

.###### .....#
......
....#######
#..........
#..........
###).g.......
#.'g@).......
#.#wg).......
#.g........
#..........
#####..........
#........∩.....
#.##†..........
#.##.#....#####
#.##.#....#


You could see a worm, Robin and 3 goblins.

Vanquished Creatures
  A scorpion (D:3)
  Terence (D:2)
  A dart slug (D:1)
  2 ball pythons (D:1)
  2 bats (D:1)
  2 endoplasms
  3 giant cockroaches
  9 goblins
  5 hobgoblins
  4 kobolds
  2 quokkas (D:1)
  3 frilled lizards (D:1)
  A rat (D:1)
36 creatures vanquished.

Notes
Turn   | Place    | Note
-------+----------+-------------------------------------------
     0 | D:1      | sammy202020 the Palentonga Fighter began the quest for the
                  | Orb.
     0 | D:1      | Reached XP level 1. HP: 19/19 MP: 1/1
   123 | D:1      | Reached XP level 2. HP: 25/25 MP: 2/2
   141 | D:1      | Found Xujizoj's Weapon Shoppe.
   486 | D:1      | Reached XP level 3. HP: 31/31 MP: 3/3
   626 | D:2      | Noticed a shining eye
   627 | D:2      | Noticed Terence
   629 | D:2      | Noticed a golden eye
   636 | D:2      | Killed Terence
   637 | D:2      | Found a faded altar of an unknown god.
   744 | D:2      | Noticed a golden eye
   744 | D:2      | Noticed a shining eye
  1460 | D:3      | Noticed a scorpion
  1462 | D:3      | Found Jyaneu's Armour Emporium.
  1467 | D:3      | Killed a scorpion
  1468 | D:3      | Reached XP level 4. HP: 39/39 MP: 4/4
  1477 | D:3      | Noticed Robin
  1484 | D:3      | Reached skill level 4 in Fighting
  1486 | D:3      | Slain by Robin

Illustrated notes

Levels and vault maps discovered:
D:1:      dpeg_arrival_lava_temple_mockup, layout_basic, serial_shops, shop
D:2:      layout_basic, hellmonk_ecumenical_altar_watching_god, uniq_terence
D:3:      layout_basic, serial_shops, shop, small_statue_intersection,
          uniq_robin

Skill      XL: |  1  2  3  4 |
---------------+-------------+-----
Axes           | 3 |  3.2
Fighting       | 4 |  4.0
Armour         | |  2.9
Shields        | |  2.9

Action                   |  1- 3 |  4- 6 || total
-------------------------+-------+-------++-------
Melee: War axe           |    61 |    11 ||    72
       Tailslap          |     9 |       ||     9
 Abil: Rolling Charge    |     5 |       ||     5
Armor: Scale mail        |    35 |    15 ||    50
Dodge: Dodged            |    29 |    11 ||    40
Block: Buckler           |     9 |     7 ||    16

Table legend: (Time is in decaauts)
 A = Elapsed time spent in this place.
 B = Non-inter-level travel time spent in this place.
 C = Inter-level travel time spent in this place.
 D = Time resting spent in this place.
 E = Time spent auto-exploring this place.
 F = Levels seen in this place.
 G = Mean time per level.
                   A        B        C        D        E       F      G
               +--------+--------+--------+--------+--------+-----+--------+
         Total |   1514 |   1457 |     57 |      0 |   1240 |   3 |  504.7 |
       Dungeon |   1514 |   1457 |     57 |      0 |   1240 |   3 |  504.7 |
               +--------+--------+--------+--------+--------+-----+--------+

Top non-repeatable levels by time:
     D:2: 867 daAuts
     D:1: 611 daAuts
     D:3: 35 daAuts
